 Dungeon Crawl Stone Soup version 0.25.1-2-g60ff931df9 (webtiles) character file.

Game seed: 7556220844029786514

168 Talorius the Covered (level 5, -7/41 HPs)
             Began as a Human Fighter on Nov 18, 2020.
             Was a Follower of Zin.
             Mangled by an ogre
             ... wielding a +0 giant club
              (9 damage)
             ... on level 4 of the Dungeon.
             The game lasted 00:22:07 (3082 turns).

Talorius the Covered (Human Fighter)                Turns: 3082, Time: 00:22:07

Health: -7/41      AC: 11    Str: 18    XL:     5   Next: 78%
Magic:  5/5        EV:  7    Int:  8    God:    Zin [*.....]
Gold:   146        SH:  9    Dex: 12    Spells: 4/4 levels left

rFire    . . .     SeeInvis .   h - +2 falchion (holy)
rCold    + . .     Gourm    .   c - +0 kite shield
rNeg     . . .     Faith    .   e - +4 scale mail
rPois    .         Spirit   .   (no helmet)
rElec    .         Reflect  .   (no cloak)
rCorr    .         Harm     .   (no gloves)
MR       .....     Clarity  +   (no boots)
Stlth    ..........             (no amulet)
HPRegen  0.13/turn              (no ring)
MPRegen  0.09/turn              (no ring)

@: no status effects
A: clarity, cold resistance 1
a: Recite, Donate Gold, Renounce Religion


You were on level 4 of the Dungeon.
You worshipped Zin.
Zin was aware of your devotion.
You were not hungry.

You visited 2 branches of the dungeon, and saw 5 of its levels.

You collected 162 gold pieces.
You donated 16 gold pieces to Zin.

Inventory:

Hand Weapons
 a - a +1 long sword
 h - a +2 falchion of holy wrath (weapon)
Armour
 b - a +0 scale mail
 c - a +0 kite shield (worn)
 e - a +4 scale mail (worn)
Jewellery
 n - an uncursed amulet of reflection
Scrolls
 j - a scroll of blinking {unknown}
 k - a scroll of fear {unknown}
Potions
 d - 2 potions of might
 g - 2 potions of heal wounds {unknown}
Comestibles
 f - 3 rations
 i - a chunk of flesh


   Skills:
 + Level 3.6 Fighting
 + Level 3.6 Long Blades
 + Level 3.8 Armour
 + Level 1.1 Dodging
 + Level 3.6 Shields


You had 4 spell levels left.
You didn't know any spells.
Your spell library was empty.

Dungeon Overview and Level Annotations

Branches:
Dungeon (4/15)             Temple (1/1) D:4

Altars:
Ashenzari
Dithmenos
Fedhas
Gozag
Makhleb
Okawaru
Trog
Vehumet
Xom
Yredelemnul
Zin


Innate Abilities, Weirdness & Mutations

You possess an exceptional clarity of mind.
Your flesh is cold resistant. (rC+)


Message History

The ogre hits you with a +0 giant club!
Your shield and scale mail prevent you from hitting the ogre.
The ogre is moderately wounded.
The ogre hits you with a +0 giant club! The ogre barely misses you.
A jackal comes into view.
The jackal barks!
The ogre hits you with a +0 giant club!
You slash the ogre!
The ogre is severely wounded.
The ogre hits you with a +0 giant club.
* * * LOW HITPOINT WARNING * * *
You completely miss the ogre.
The ogre is heavily wounded.
The ogre hits you with a +0 giant club!
* * * LOW HITPOINT WARNING * * *
You barely miss the ogre.
The ogre is heavily wounded.
The ogre hits you with a +0 giant club!
You die...

#..###..# #.......#
#...##.## #...# . #.h.#
.# #...#######
..##.......... .#
..##..#############...##
...#..#######.hO@.......
..............#####.####
......#########
..............
..#...######## ......#
###...# #..># ###.#


You could see an ogre and a jackal.

Vanquished Creatures
  A hound (D:2)
  7 adders
  An ooze (D:1)
  2 worms
  An orc (D:3)
  3 ball pythons
  6 bats
  4 giant cockroaches
  6 goblins
  6 hobgoblins
  9 jackals
  2 quokkas (D:2)
  2 frilled lizards
  6 kobolds
  6 rats
62 creatures vanquished.

Notes
Turn   | Place    | Note
-------+----------+-------------------------------------------
     0 | D:1      | Talorius the Human Fighter began the quest for the Orb.
     0 | D:1      | Reached XP level 1. HP: 18/18 MP: 1/1
    88 | D:1      | Reached XP level 2. HP: 19/24 MP: 2/2
   310 | D:1      | Reached XP level 3. HP: 27/29 MP: 3/3
   844 | D:2      | Found a shattered altar of Ashenzari.
   972 | D:2      | Found a glowing silver altar of Zin.
  1027 | D:2      | Became a worshipper of Zin the Law-Giver
  1158 | D:2      | Reached XP level 4. HP: 29/35 MP: 4/4
  1226 | D:2      | Found a burning altar of Makhleb.
  1554 | D:2      | Reached XP level 5. HP: 33/41 MP: 5/5
  1666 | D:2      | Reached * piety under Zin
  1819 | D:2      | Gained mutation: Your flesh is cold resistant. (rC+)
                  | [potion of mutation]
  1819 | D:2      | Gained mutation: You possess an exceptional clarity of
                  | mind. [potion of mutation]
  2144 | D:2      | Found an opulent altar of Gozag.
  2362 | D:3      | Reached skill level 1 in Dodging
  2936 | D:3      | Found a faded altar of an unknown god.
  2990 | D:4      | Found a staircase to the Ecumenical Temple.
  2998 | Temple   | Entered the Ecumenical Temple
  3047 | D:4      | Noticed an ogre
  3081 | D:4      | HP: 2/41 [ogre/+0 giant club (8)]
  3082 | D:4      | Mangled by an ogre

Illustrated notes

Levels and vault maps discovered:
D:1:      scummos_arrival_hexagon, layout_basic, minmay_misc_feat_roman
D:2:      layout_loops_ring, lemuel_doored_altar,
          nicolae_gozag_cash_rules_everything_around_me,
          ashenzari_conservatory_becter, makhleb_blood_cavern_becter
D:3:      layout_basic, chequers_ecumenical_altar_grove, first_ration
D:4:      layout_basic, lemuel_round_altar, minmay_temple_entry_butterflies,
          gup_sewer_entry_bowl, minivault_24, grunt_decor_cap
Temple:   eino_narrow_crystal_temple

Skill      XL: |  1  2  3  4  5 |
---------------+----------------+-----
Long Blades    | 3 |  3.6
Dodging        | 1 |  1.1
Fighting       | |  3.6
Armour         | |  3.8
Shields        | |  3.6

Action                   |  1- 3 |  4- 6 || total
-------------------------+-------+-------++-------
Melee: Long sword        |    90 |   128 ||   218
       Falchion          |       |    25 ||    25
  Use: Scroll            |     5 |     4 ||     9
       Potion            |       |     3 ||     3
  Eat: Chunk             |     1 |       ||     1
       Ration            |       |     2 ||     2
Armor: Scale mail        |    48 |    85 ||   133
Dodge: Dodged            |    35 |    58 ||    93
Block: Kite shield       |    46 |    84 ||   130
       Rpst.: Long sword |     9 |    19 ||    28
       Falchion          |       |     1 ||     1
